 Dungeon Crawl Stone Soup version 0.28.0-43-g3370ac3207 (webtiles) character file.

Game seed: 905271843049632600

191 Ablot the Grasshopper (level 5, 0/43 HPs)
             Began as a Gnoll Warper on Mar 6, 2022.
             Was a Follower of Elyvilon.
             Slain by Edmund
             ... wielding a +5 vorpal flail
              (12 damage)
             ... on level 3 of the Dungeon.
             The game lasted 00:05:34 (3624 turns).

Ablot the Grasshopper (Gnoll Warper)                Turns: 3624, Time: 00:05:34

Health: 0/43       AC:  3    Str: 12    XL:     5   Next: 70%
Magic:  11/12      EV: 13    Int: 13    God:    Elyvilon [*.....]
Gold:   150        SH:  0    Dex: 11    Spells: 12/14 levels left

rFire   . . .      SeeInvis .   a - +0 spear
rCold   . . .      Faith    +   (no shield)
rNeg    . . .      Spirit   .   b - +0 leather armour
rPois   .          Reflect  .   (no helmet)
rElec   .          Harm     .   (no cloak)
rCorr   .          Rampage  .   (no gloves)
Will    .....                   (no boots)
Stlth   +.........              s - amulet of faith
HPRegen 0.14/turn               (no ring)
MPRegen 0.13/turn               (no ring)

@: no status effects
A: fangs 1, strong nose, distributed training
a: Renounce Religion, Purification


You were on level 3 of the Dungeon.
You worshipped Elyvilon.
Elyvilon was aware of your devotion.
You visited 1 branch of the dungeon, and saw 4 of its levels.

You collected 150 gold pieces.

Inventory:

Hand Weapons
 a - a +0 spear (weapon)
 q - a +0 hunting sling
Missiles
 d - 5 boomerangs of dispersal
 f - 22 arrows
 g - 25 sling bullets
 j - 89 stones
 n - 35 bolts
 u - 3 boomerangs (quivered)
Armour
 b - a +0 leather armour (worn)
Jewellery
 s - an amulet of faith (around neck)
Scrolls
 c - a scroll of blinking
 e - 2 scrolls of identify {unknown}
 h - a scroll of fear {unknown}
 i - a scroll of vulnerability {unknown}
 k - 2 scrolls of fog {unknown}
 m - a scroll of enchant armour {unknown}
 t - a scroll of teleportation {unknown}
Potions
 l - a potion of flight {unknown}
 o - a potion of attraction {unknown}
 p - a potion of ambrosia {unknown}
 r - a potion of heal wounds {unknown}
 v - 2 potions of haste {unknown}


   Skills:
 + Level 4.8 Fighting
 + Level 1.6 Short Blades
 + Level 1.6 Long Blades
 + Level 1.6 Axes
 + Level 1.6 Maces & Flails
 + Level 4.8 Polearms
 + Level 1.6 Staves
 + Level 1.6 Slings
 + Level 1.6 Bows
 + Level 1.6 Crossbows
 + Level 3.0 Throwing
 + Level 3.0 Armour
 + Level 4.8 Dodging
 + Level 1.6 Stealth
 + Level 1.6 Shields
 + Level 1.6 Unarmed Combat
 + Level 5.2 Spellcasting
 + Level 1.2 Conjurations
 + Level 1.2 Hexes
 + Level 1.2 Summonings
 + Level 1.2 Necromancy
 + Level 5.5 Translocations
 + Level 1.2 Transmutations
 + Level 1.2 Fire Magic
 + Level 1.2 Ice Magic
 + Level 1.2 Air Magic
 + Level 1.2 Earth Magic
 + Level 1.2 Poison Magic
 + Level 1.8 Invocations
 + Level 1.6 Evocations


You had 12 spell levels left.
You knew the following spells:

 Your Spells              Type           Power      Damage    Failure   Level
a - Blink                 Tloc           34%        N/A       3%          2

Your spell library contained the following spells:

 Spells                   Type           Power      Damage    Failure   Level
 Gell's Gravitas          Tloc           17%        N/A       7%          3
 Lesser Beckoning         Tloc           17%        N/A       7%          3
 Teleport Other           Tloc           17%        N/A       7%          3
 Beastly Appendage        Tmut           12%        N/A       14%         1
 Foxfire                  Conj/Fire      24%        2x1d5     14%         1
 Wereblood                Tmut           6%         N/A       21%         2
 Conjure Flame            Conj/Fire      6%         6-21      38%         3
 Ignite Poison            Fire/Tmut/Pois 6%         N/A       38%         3
 Inner Flame              Hex/Fire       6%         N/A       38%         3
 Spider Form              Tmut/Pois      6%         N/A       38%         3
 Manifold Assault         Tloc           17%        N/A       54%         5
 Flame Wave               Conj/Fire      6%         2d5       80%         4
 Sticky Flame             Conj/Fire      6%         2d3       80%         4


Dungeon Overview and Level Annotations

Branches:
Dungeon (4/15)
 Temple: D:4-7

Altars:
Elyvilon

Annotations:
D:3 Edmund
D:4 Grinder


Innate Abilities, Weirdness & Mutations

You have very sharp teeth.
Your uncanny sense of smell can sniff out nearby items.
Your experience applies equally to all skills.


Message History

Aim: Edmund, wielding a +5 vorpal flail and wearing a +0 leather armour (moderately wounded, 59% to hit)
You throw a boomerang. The boomerang hits Edmund.
Edmund is moderately wounded.
Throw: 3 boomerangs
Press: ? - help, Q - select action, (/) - cycle Shift-Dir - straight line, f/p - Edmund
Aim: Edmund, wielding a +5 vorpal flail and wearing a +0 leather armour (moderately wounded, 59% to hit)
You throw a boomerang. The boomerang hits Edmund.
Edmund is moderately wounded.
Throw: 3 boomerangs
Press: ? - help, Q - select action, (/) - cycle Shift-Dir - straight line, f/p - Edmund
Aim: Edmund, wielding a +5 vorpal flail and wearing a +0 leather armour (moderately wounded, 59% to hit)
You throw a boomerang. The boomerang barely misses Edmund.
Unknown command.
Reach: a) +0 spear
Press: ? - help, Dir - move target, f/p - Edmund
Aim: Edmund, wielding a +5 vorpal flail and wearing a +0 leather armour (moderately wounded, about 37% to evade your +0 spear)
You reach to attack!
You barely miss Edmund.
Edmund is moderately wounded.
Unknown command.
Reach: a) +0 spear
Press: ? - help, Dir - move target, f/p - Edmund
Aim: Edmund, wielding a +5 vorpal flail and wearing a +0 leather armour (moderately wounded, about 37% to evade your +0 spear)
You reach to attack!
You hit Edmund but do no damage.
Edmund is moderately wounded.
You feel stable enough to blink again.
You hit Edmund.
Edmund is moderately wounded.
Edmund barely misses you.
You hit Edmund but do no damage. You bite Edmund, but do no damage.
Edmund is moderately wounded.
Edmund barely misses you.
You hit Edmund. You bite Edmund, but do no damage.
Edmund is moderately wounded.
Edmund hits you with a +5 vorpal flail!
* * * LOW HITPOINT WARNING * * *
Unknown command.
You hit Edmund.
Edmund is moderately wounded.
Edmund hits you with a +5 vorpal flail!
You die...

♣.♣ #.....##..>.#
.♣♣ #...........# .♣
#.....##....# .♣
#...).##....##### ♣♣
#.....##........# ♣
#.<...##........#
#...###.........#
##..##..#.......# ♣
#..##.##.@.....#
♣♣♣♣
#).#..##.@.....#
.♣.♣♣
#....###.......#
♣...♣♣
#...........####
♣♣♣..♣##...........#
♣♣.♣#............#
♣...............#
♣♣♣##)..###.###.#
#....# #.#...###


You could see Edmund.

Vanquished Creatures
  An ogre (D:3)
  A hound (D:3)
  3 adders
  2 worms (D:3)
  6 ball pythons
  A bat (D:3)
  5 endoplasms
  3 goblins
  2 hobgoblins (D:1)
  9 quokkas
  2 frilled lizards
  6 kobolds
  7 rats
48 creatures vanquished.

Notes
Turn   | Place    | Note
-------+----------+-------------------------------------------
     0 | D:1      | Ablot the Gnoll Warper began the quest for the Orb.
     0 | D:1      | Reached XP level 1. HP: 20/20 MP: 6/6
   138 | D:1      | Reached XP level 2. HP: 24/26 MP: 7/7
   142 | D:1      | Learned a level 2 spell: Blink
   600 | D:1      | Found a faded altar of an unknown god.
  1027 | D:2      | Reached skill level 5 in Spellcasting
  1027 | D:2      | Reached XP level 3. HP: 23/31 MP: 7/9
  1221 | D:2      | Found a white marble altar of Elyvilon.
  1255 | D:2      | Became a worshipper of Elyvilon the Healer
  1925 | D:3      | Reached skill level 1 in Invocations
  2081 | D:3      | Reached skill level 1 in Short Blades
  2081 | D:3      | Reached skill level 1 in Long Blades
  2081 | D:3      | Reached skill level 1 in Axes
  2081 | D:3      | Reached skill level 1 in Maces & Flails
  2081 | D:3      | Reached skill level 1 in Staves
  2081 | D:3      | Reached skill level 1 in Slings
  2081 | D:3      | Reached skill level 1 in Bows
  2081 | D:3      | Reached skill level 1 in Crossbows
  2081 | D:3      | Reached skill level 1 in Stealth
  2081 | D:3      | Reached skill level 1 in Shields
  2081 | D:3      | Reached skill level 1 in Unarmed Combat
  2081 | D:3      | Reached skill level 1 in Evocations
  2150 | D:3      | Reached XP level 4. HP: 37/38 MP: 11/11
  2214 | D:3      | Noticed an ogre
  2565 | D:3      | Reached skill level 1 in Conjurations
  2565 | D:3      | Reached skill level 1 in Hexes
  2565 | D:3      | Reached skill level 1 in Summonings
  2565 | D:3      | Reached skill level 1 in Necromancy
  2565 | D:3      | Reached skill level 1 in Transmutations
  2565 | D:3      | Reached skill level 1 in Fire Magic
  2565 | D:3      | Reached skill level 1 in Ice Magic
  2565 | D:3      | Reached skill level 1 in Air Magic
  2565 | D:3      | Reached skill level 1 in Earth Magic
  2565 | D:3      | Reached skill level 1 in Poison Magic
  3260 | D:3      | Reached * piety under Elyvilon
  3288 | D:3      | Killed an ogre
  3289 | D:3      | Reached XP level 5. HP: 19/43 MP: 6/12
  3481 | D:4      | Noticed Edmund
  3484 | D:4      | Noticed Grinder
  3624 | D:3      | Slain by Edmund

Illustrated notes

Levels and vault maps discovered:
D:1:      onia_arrival_handbag, layout_basic,
          hellmonk_ecumenical_altar_slurped_away
D:2:      layout_basic, basic_altar, minmay_pentomino_z4
D:3:      kb_forest_paths, layout_rooms
D:4:      layout_cave_pods, minmay_temple_entry_sparse_star, uniq_blork_the_orc,
          uniq_grinder, uniq_edmund

Skill      XL: |  1  2  3  4 |
---------------+-------------+-----
Spellcasting   | 5 |  5.2
Invocations    | 1 |  1.8
Short Blades   | 1 |  1.6
Long Blades    | 1 |  1.6
Axes           | 1 |  1.6
Maces & Flails | 1 |  1.6
Staves         | 1 |  1.6
Slings         | 1 |  1.6
Bows           | 1 |  1.6
Crossbows      | 1 |  1.6
Stealth        | 1 |  1.6
Shields        | 1 |  1.6
Unarmed Combat | 1 |  1.6
Evocations     | 1 |  1.6
Conjurations   | 1 |  1.2
Hexes          | 1 |  1.2
Summonings     | 1 |  1.2
Necromancy     | 1 |  1.2
Transmutations | 1 |  1.2
Fire Magic     | 1 |  1.2
Ice Magic      | 1 |  1.2
Air Magic      | 1 |  1.2
Earth Magic    | 1 |  1.2
Poison Magic   | 1 |  1.2
Throwing       | 3 |  3.0
Armour         | 3 |  3.0
Fighting       | |  4.8
Polearms       | |  4.8
Dodging        | |  4.8
Translocations | |  5.5

Action                   |  1- 3 |  4- 6 || total
-------------------------+-------+-------++-------
Melee: Spear             |    99 |    88 ||   187
       Bite              |     4 |     6 ||    10
       Punch             |       |     1 ||     1
Throw: Boomerang         |       |    18 ||    18
 Cast: Blink             |       |    14 ||    14
 Stab: Sleeping          |     1 |       ||     1
Armor: Leather armour    |    10 |     7 ||    17
Dodge: Dodged            |    33 |    43 ||    76
